 Dungeon Crawl Stone Soup version 0.30.0-5-g1a98f26d00 (webtiles) character file.

Game seed: 11164412327526173827

3505 qeuew the Protected (level 9, -9/79 HPs)
             Began as a Minotaur Fighter on May 12, 2023.
             Was an Initiate of Gozag.
             Mangled by a hornet (13 damage)
             ... on level 8 of the Dungeon.
             The game lasted 00:06:58 (6143 turns).

qeuew the Protected (Minotaur Fighter)              Turns: 6143, Time: 00:06:59

Health: -9/79      AC: 12    Str: 23    XL:     9   Next: 80%
Magic:  8/8        EV: 12    Int:  5    God:    Gozag
Gold:   46         SH:  0    Dex: 12    Spells: 8/8 levels left

rFire   . . .        a - +1 war axe
rCold   . . .        c - +0 buckler
rNeg    + . .        b - +0 scale mail
rPois   .            (helmet restricted)
rElec   .            i - +2 cloak
rCorr   .            (no gloves)
SInv    .            (no boots)
Will    .....        (no amulet) Stlth
                     k - ring of positive energy
HPRegen 0.33/turn    (no ring)
MPRegen 0.11/turn

%: no passive effects
@: confused, mighty, brilliant, lethally poisoned (-9 -> -17), ambrosia-drunk,
gold aura, mesmerised, hasted, very quick
A: horns 2, retaliatory headbutt
a: Renounce Religion, Potion Petition, Call Merchant, Bribe Branch


You were on level 8 of the Dungeon.
You worshipped Gozag.
Gozag was noncommittal.
You visited 1 branch of the dungeon, and saw 8 of its levels.

You collected 824 gold pieces.
You paid 778 gold pieces to Gozag.

Inventory:

Hand Weapons
 a - a +1 war axe (weapon)
Armour
 b - a +0 scale mail (worn)
 c - a +0 buckler (worn)
 i - a +2 cloak (worn)
Jewellery
 k - a ring of positive energy (left hand)
Wands
 g - a wand of flame (18)
 l - a wand of polymorph (11)
 s - a wand of charming (6)
Scrolls
 e - 3 scrolls of enchant armour
 f - 2 scrolls of fog
 h - 2 scrolls of identify
 j - 2 scrolls of teleportation
 o - 2 scrolls of blinking
 v - a scroll of magic mapping
 x - a scroll of enchant weapon
Potions
 d - 2 potions of might
 m - 4 potions of cancellation
 n - 3 potions of flight
 p - a potion of resistance
 r - a potion of berserk rage
 z - a potion of mutation


   Skills:
 + Level 7.3 Fighting
 + Level 6.8 Axes
 * Level 9.8 Armour
 + Level 5.5 Dodging
 + Level 7.2 Shields
 + Level 4.5 Evocations


You had 8 spell levels left.
You didn't know any spells.
Your spell library contained the following spells:

 Spells                   Type           Power      Damage    Failure   Level
 Sting                    Tmut/Pois      0%         1d3       80%         1
 Poisonous Vapours        Pois/Air       0%         N/A       90%         2
 Olgreb's Toxic Radiance  Pois           0%         N/A       100%        4


Dungeon Overview and Level Annotations

Branches:
Dungeon (8/15)             Temple (0/1) D:7
   Lair: D:8-11

Altars:
Cheibriados
Fedhas
Gozag
Makhleb
Nemelex Xobeh
Qazlal
Ru
Wu Jian

Shops:
D:1 [   D:5 [

Annotations:
D:8 Maggie


Innate Abilities, Weirdness & Mutations

You have a pair of horns on your head.
You reflexively headbutt those who attack you in melee.


Message History

You can move again.
Okay, then.
You feel very mighty all of a sudden. The hornet closely misses you.
You furiously retaliate!
You headbutt the hornet! You completely miss Maggie. You headbutt Maggie.
Maggie is heavily wounded.
You hit the hornet. You barely miss the gnoll. You slash the gnoll!
The hornet stings you!
* * * LOW HITPOINT WARNING * * *
You are lethally poisoned!
You shrug off the repeated paralysis!
The gnoll hits you with a +0 spear.
* * * LOW HITPOINT WARNING * * *
You block the gnoll's attack. Maggie hits you but does no damage.
You feel better. The hornet closely misses you. The gnoll barely misses you.
You block the gnoll's attack. Maggie misses you.
Okay, then.
Blink to where?
Press: ? - help, Dir - move target You cannot blink away from Maggie!
Blink to where?
Press: ? - help, Dir - move target, f - you
Okay, then.
Unknown command.
You closely miss Maggie. Your headbutt misses Maggie.
Maggie is heavily wounded.
You barely miss the hornet. You completely miss the gnoll. You slash the gnoll!
You kill the gnoll!
The hornet stings you!
* * * LOW HITPOINT WARNING * * *
You are lethally poisoned!
You feel yourself slow down.
You are confused.
You feel invigorated.
You feel yourself speed up.
* * * LOW HITPOINT WARNING * * *
You feel very sick. The hornet stings you!
You die...
Your body crumbles into a pile of gold.

######.####.###..##.#.)...
#.....#####...............
.......$..########.#####§
..##.$..#......# #.# #.
...##.$..######.##..#####.
♣....§§...#### #.#.....§
♣...§.≈≈..#..# #.####§
..._.§≈≈y....# .#.####. $
....§§..@@#:.... ........
##......g$#...## ##.####.
#..≈≈...#. ...# #.####.
....≈≈...### ..# #....<.
........#. # #######
.....## . ##.## . ..


You could see Maggie (mesmerising), a hornet and a gnoll.

Vanquished Creatures
  A hornet (D:7)
  Prince Ribbit (D:6)
  A steam dragon (D:8)
  A water moccasin (D:6)
  An orc warrior (D:7)
  A sky beast (D:7)
  2 black bears
  Pargi (D:3)
  4 ogres
  A centaur (D:8)
  A phantom (D:4)
  Blork the orc (D:5)
  2 bullfrogs
  3 scorpions
  9 wights
  3 killer bees (D:8)
  5 howler monkeys
  4 hounds
  A jelly (D:7)
  5 orc priests
  Natasha (thrice) (D:3)
  An iguana (D:6)
  4 orc wizards
  5 gnolls
  9 adders
  A white imp (D:5)
  An ufetubus (D:5)
  A worm (D:2)
  6 dart slugs
  20 orcs
  9 bats
  9 endoplasms
  8 giant cockroaches
  10 goblins
  7 hobgoblins
  2 jackals (D:4)
  5 quokkas
  2 ball pythons
  8 kobolds
  3 rats
162 creatures vanquished.

Notes
Turn   | Place    | Note
-------+----------+-------------------------------------------
     0 | D:1      | qeuew the Minotaur Fighter began the quest for the Orb.
     0 | D:1      | Reached XP level 1. HP: 19/19 MP: 0/0
   117 | D:1      | Reached XP level 2. HP: 27/27 MP: 1/1
   143 | D:1      | Reached skill level 4 in Armour
   442 | D:1      | Found Isoge's Antique Armour Boutique.
   454 | D:1      | Reached skill level 1 in Dodging
   459 | D:1      | You fall into a shaft and drop 1 floor!
   601 | D:1      | Reached XP level 3. HP: 32/33 MP: 2/2
  1114 | D:2      | Reached XP level 4. HP: 36/40 MP: 3/3
  1567 | D:3      | Reached skill level 1 in Evocations
  1573 | D:3      | Reached skill level 5 in Armour
  1573 | D:3      | Reached XP level 5. HP: 27/46 MP: 4/4
  1804 | D:3      | Found a snail-covered altar of Cheibriados.
  1810 | D:3      | Noticed Natasha
  1815 | D:3      | Killed Natasha
  1848 | D:3      | Noticed Natasha
  1859 | D:3      | Killed Natasha
  1917 | D:3      | Noticed Pargi
  1925 | D:3      | Killed Pargi
  1926 | D:3      | Reached XP level 6. HP: 50/53 MP: 5/5
  2015 | D:3      | Noticed Natasha
  2016 | D:3      | Killed Natasha
  2402 | D:4      | Reached skill level 6 in Armour
  2410 | D:4      | Found a sparkling altar of Nemelex Xobeh.
  2436 | D:4      | Found an opulent altar of Gozag.
  2436 | D:4      | Found a stormy altar of Qazlal.
  2438 | D:4      | Reached XP level 7. HP: 60/60 MP: 6/6
  2445 | D:4      | Became a worshipper of Gozag Ym Sagoz the Greedy
  2561 | D:4      | Reached skill level 5 in Fighting
  2561 | D:4      | Reached skill level 5 in Shields
  2981 | D:5      | Entered Level 5 of the Dungeon
  3322 | D:5      | Reached skill level 7 in Armour
  3408 | D:5      | Found Osio's Armour Shoppe.
  3414 | D:5      | Reached XP level 8. HP: 65/69 MP: 7/7
  3445 | D:5      | Noticed Blork the orc
  3453 | D:5      | Killed Blork the orc
  3454 | D:5      | Reached skill level 5 in Axes
  3772 | D:6      | Found a sacrificial altar of Ru.
  4167 | D:6      | Reached skill level 8 in Armour
  4494 | D:6      | Noticed Prince Ribbit
  4517 | D:6      | Killed Prince Ribbit
  4518 | D:6      | Reached XP level 9. HP: 32/78 MP: 8/8
  5076 | D:7      | Found a blossoming altar of Fedhas.
  5217 | D:7      | Found a staircase to the Ecumenical Temple.
  5454 | D:7      | Reached skill level 9 in Armour
  5515 | D:7      | Reached skill level 5 in Dodging
  5973 | D:8      | Found a burning altar of Makhleb.
  6111 | D:8      | Found an ornate altar of the Wu Jian Council.
  6124 | D:8      | Noticed Maggie
  6137 | D:8      | Paralysed by a hornet for 1 turns
  6140 | D:8      | HP: 2/79 [gnoll/+0 spear[a gnoll bouda] (3)]
  6143 | D:8      | Mangled by a hornet

Illustrated notes

Levels and vault maps discovered:
D:1:      wheals_arrival_linesprint, layout_rooms, serial_shops, shop,
          minivault_5, minmay_tromino_i2
D:2:      layout_basic, chequers_serial_rivers_small_3
D:3:      layout_loops_cross, cheibriados_altar_1, minivault_25, uniq_natasha,
          uniq_pargi
D:4:      layout_loops_ring, mainiacjoe_overflow_small_starburst,
          grunt_temple_overflow_open
D:5:      layout_rooms, serial_shops, shop, uniq_blork_the_orc
D:6:      layout_loops_cross, nicolae_ru_awakened_eye, uniq_prince_ribbit1
D:7:      layout_basic, mainiacjoe_overflow_brackets,
          minmay_temple_entry_junction
D:8:      layout_loops_cross, nicolae_wu_jian_wuxing_cycle,
          mainiacjoe_overflow_catwalk, uniq_maurice, uniq_maggie

Skill      XL: |  1  2  3  4  5  6  7  8  9 |
---------------+----------------------------+-----
Armour         | 4 5 6 7 8 9 |  9.8
Dodging        | 1 2 3 4 5 |  5.5
Fighting       | 4 5 6 7 |  7.3
Axes           | 3 4 5 6 |  6.8
Shields        | 4 5 6 7 |  7.2
Evocations     | 1 2 3 4 |  4.5

Action                     |  1- 3 |  4- 6 |  7- 9 || total
---------------------------+-------+-------+-------++-------
  Melee: War axe           |    67 |   130 |   227 ||   424
         Headbutt          |     7 |    19 |    53 ||    79
 Invoke: Potion Petition   |       |       |     2 ||     2
    Use: Scroll            |     5 |     3 |     8 ||    16
         Potion            |     2 |     1 |     7 ||    10
 Armour: Scale mail        |    44 |    81 |   102 ||   227
  Dodge: Dodged            |    32 |    69 |   162 ||   263
  Block: Buckler           |    16 |    27 |    61 ||   104
